 Dungeon Crawl Stone Soup version 0.29.0-11-gd7f09526c8 (webtiles) character file.

Game seed: 9779654781493452898

1 NinjaNoafa the Sneak (level 1, -1/13 HPs)
             Began as a Gnoll Enchanter on Sept 4, 2022.
             Slain by a jackal (2 damage)
             ... on level 1 of the Dungeon.
             The game lasted 00:00:45 (44 turns).

NinjaNoafa the Sneak (Gnoll Enchanter)                Turns: 44, Time: 00:00:45

Health: -1/13      AC:  2    Str:  7    XL:     1   Next: 20%
Magic:  6/6        EV: 13    Int: 14    God:
Gold:   0          SH:  0    Dex: 12    Spells: 9/9 levels left

rFire   + . .      SeeInvis .   a - +1 dagger
rCold   + . .      Faith    .   (no shield)
rNeg    . . .      Spirit   .   b - +0 robe
rPois   +          Reflect  .   (no helmet)
rElec   +          Harm     .   (no cloak)
rCorr   +          Rampage  .   (no gloves)
Will    .....                   (no boots)
Stlth   +++.......              (no amulet)
HPRegen 0.04/turn               (no ring)
MPRegen 0.10/turn               (no ring)

@: resistant, invisible
A: fangs 1, strong nose, distributed training
a: no special abilities


You were on level 1 of the Dungeon.
You visited 1 branch of the dungeon, and saw 1 of its levels.

Inventory:

Hand Weapons
 a - a +1 dagger (weapon)
Armour
 b - a +0 robe (worn)
Scrolls
 e - a scroll of teleportation {unknown}
Potions
 c - a potion of invisibility


   Skills:
 + Level 0.0 Fighting
 + Level 2.3 Short Blades
 + Level 0.0 Long Blades
 + Level 0.0 Axes
 + Level 0.0 Maces & Flails
 + Level 0.0 Polearms
 + Level 0.0 Staves
 + Level 0.0 Ranged Weapons
 + Level 0.0 Throwing
 + Level 0.0 Armour
 + Level 4.4 Dodging
 + Level 5.8 Stealth
 + Level 0.0 Shields
 + Level 0.0 Unarmed Combat
 + Level 4.8 Spellcasting
 + Level 0.0 Conjurations
 + Level 5.3 Hexes
 + Level 0.0 Summonings
 + Level 0.0 Necromancy
 + Level 0.0 Translocations
 + Level 0.0 Transmutations
 + Level 0.0 Fire Magic
 + Level 0.0 Ice Magic
 + Level 0.0 Air Magic
 + Level 0.0 Earth Magic
 + Level 0.0 Poison Magic
 + Level 0.0 Invocations
 + Level 0.0 Evocations


You had 9 spell levels left.
You didn't know any spells.
Your spell library contained the following spells:

 Spells                   Type           Power      Damage    Failure   Level
 Confusing Touch          Hex            18%        N/A       6%          3
 Tukima's Dance           Hex            18%        N/A       6%          3
 Ensorcelled Hibernation  Hex/Ice        20%        N/A       9%          2
 Dazzling Flash           Conj/Hex       20%        N/A       19%         3


Dungeon Overview and Level Annotations

Branches:
Dungeon (1/15)

Altars:


Innate Abilities, Weirdness & Mutations

You have very sharp teeth.
Your uncanny sense of smell can sniff out nearby items.
Your experience applies equally to all skills.


Message History

You bite the giant cockroach, but do no damage.
The giant cockroach is lightly wounded.
You hear an angry hiss.
You hear a shout!
The giant cockroach bites you.
You closely miss the giant cockroach.
The giant cockroach is lightly wounded.
The giant cockroach closely misses you.
Okay, then.
You closely miss the giant cockroach.
The giant cockroach is lightly wounded.
The giant cockroach bites you.
You hit the giant cockroach but do no damage.
Your bite misses the giant cockroach.
The giant cockroach is lightly wounded.
The jackal barely misses you. The giant cockroach closely misses you.
The jackal attacks as you move away! The jackal misses you.
The giant cockroach closely misses you. The jackal attacks as you move away!
The jackal barely misses you. The jackal attacks as you move away!
The jackal barely misses you. The jackal misses you.
The jackal attacks as you move away! The jackal bites you.
The jackal bites you but does no damage.
The jackal attacks as you move away! The jackal bites you.
The jackal bites you. The jackal closely misses you.
The jackal closely misses you. The jackal bites you.
* * * LOW HITPOINT WARNING * * *
The jackal barely misses you. The giant cockroach barely misses you.
The jackal bites you but does no damage.
The giant cockroach closely misses you.
The jackal bites you but does no damage.
It was a potion of resistance.
You feel protected. The jackal bites you.
* * * LOW HITPOINT WARNING * * *
The jackal barely misses you.
The giant cockroach completely misses you.
The endoplasm closely misses you.
You fade into invisibility!
The jackal bites you.
You die...

#. #.# . ...... #.##.#
.##...... #..#.#
#.......
#...#######.......
###........#...#
##..............#
###..##...........#
##~...~#..hhB..##..#
##~♣~.~♣~...@J..##).#
#~♣⌠♣~♣⌠♣~......##.J#
##~♣...♣~#......##....
##~...~##......###.#...
#~...~###.##### .!.....
#~.<.~# #.# ##...##
#~...~# #. .....
#~...~# #. ....
#~♣...P~#


You could see an endoplasm, 2 jackals and a giant cockroach (unable to see you).

Vanquished Creatures
  A goblin (D:1)
1 creature vanquished.

Notes
Turn   | Place    | Note
-------+----------+-------------------------------------------
     0 | D:1      | NinjaNoafa the Gnoll Enchanter began the quest for the Orb.
     0 | D:1      | Reached XP level 1. HP: 13/13 MP: 6/6
    44 | D:1      | Slain by a jackal

Illustrated notes

Levels and vault maps discovered:
D:1:      ldierk_water_garden, layout_basic, basic_ecumenical_altar,
          minmay_tetromino_l4

Action                   || total
-------------------------++-------
Melee: Dagger            ||     6
       Bite              ||     1
  Use: Potion            ||     2
 Stab: Sleeping          ||     1
Armor: Robe              ||     4
Dodge: Dodged            ||    18
